 Dungeon Crawl Stone Soup version 0.29.0-4-gdea44cf6ec (webtiles) character file.

Game seed: 7240045080142826288

971 qw the Grappler (level 7, -1/67 HPs)
             Began as a Troll Cinder Acolyte on Sept 3, 2022.
             Was an Elder of Ignis.
             Slain by Blork the orc
             ... wielding a +1 vorpal battleaxe
              (6 damage)
             ... on level 6 of the Dungeon.
             The game lasted 00:02:32 (4321 turns).

qw the Grappler (Troll Cinder Acolyte)              Turns: 4321, Time: 00:02:32

Health: -1/67      AC: 11    Str: 25    XL:     7   Next: 94%
Magic:  7/7        EV:  9    Int: 10    God:    Ignis [****..]
Gold:   394        SH:  0    Dex:  5    Spells: 8/8 levels left

rFire   + + .      SeeInvis .     - Unarmed
rCold   . . .      Faith    .   (no shield)
rNeg    + . .      Spirit   .   a - +0 robe
rPois   .          Reflect  .   (helmet restricted)
rElec   .          Harm     .   (no cloak)
rCorr   .          Rampage  .   (gloves unavailable)
Will    .....                   (boots unavailable)
Stlth   +.........              (no amulet)
HPRegen 1.01/turn               d - ring of positive energy
MPRegen 0.10/turn               c - ring of protection from fire

@: fiery-armoured
A: large, unfitting armour, claws 3, regeneration 1, shaggy fur 1, tough skin 1
a: Renounce Religion, Fiery Armour, Foxfire Swarm, Rising Flame


You were on level 6 of the Dungeon.
You worshipped Ignis.
Ignis was greatly pleased with you.
You visited 1 branch of the dungeon, and saw 6 of its levels.

You collected 394 gold pieces.


Innate Abilities, Weirdness & Mutations

You are too large for most types of armour.
You have claws for hands.
Your natural rate of healing is unusually fast.
You are covered in fur. (AC +1)
You have tough skin. (AC +1)


   Skills:
 - Level 3.1 Fighting
 - Level 1.3 Throwing
 - Level 1.2 Dodging
 + Level 9.0 Unarmed Combat
 - Level 1.0 Spellcasting
 - Level 2.1 Fire Magic


You had 8 spell levels left.
You didn't know any spells.
Your spell library contained the following spells:

 Spells                   Type           Power      Damage    Failure   Level
 Scorch                   Fire           8%         2d5       22%         2

Inventory:

Missiles
 o - 3 boomerangs (quivered)
Armour
 a - a +0 robe (worn)
 j - a +0 cloak
Jewellery
 c - a ring of protection from fire (right claw)
 d - a ring of positive energy (left claw)
Scrolls
 e - a scroll of identify
 g - a scroll of teleportation {unknown}
 n - a scroll of enchant weapon
Potions
 b - a potion of might
 f - a potion of mutation {unknown}
 h - a potion of magic {unknown}
 i - 3 potions of heal wounds
 k - a potion of curing
 l - a potion of attraction {unknown}

Dungeon Overview and Level Annotations

Branches:
Dungeon (6/15)             Temple (0/1) D:5

Altars:
Ashenzari
Fedhas
Nemelex Xobeh
Uskayaw
Vehumet
Zin
The Shining One

Annotations:
D:4 1 runed translucent door, Crazy Yiuf
D:6 Blork the orc


Message History

Enter note: Throw: 3 boomerangs
Press: ? - help, Q - select action Shift-Dir - straight line, f - bullfrog You throw a boomerang.
The boomerang hits the bullfrog!
The bullfrog is moderately wounded.
Throw: 3 boomerangs
Press: ? - help, Q - select action Shift-Dir - straight line, f/p - bullfrog You throw a boomerang.
The boomerang misses the bullfrog.
You closely miss the bullfrog.
The bullfrog is moderately wounded.
The bullfrog barely misses you.
You closely miss the bullfrog.
The bullfrog is moderately wounded.
The bullfrog hits you.
You claw the bullfrog!
The bullfrog is severely wounded.
The bullfrog hits you. x2
You mangle the bullfrog!!
You kill the bullfrog!
Blork the orc comes into view.
He is wielding a +1 vorpal battleaxe.
Your Dodging skill increases to level 1!
4312 ||| Stepping ~*~*~tactically~*~*~ (stealth).
You start resting.
HP restored.
Blork the orc shouts!
There is an open door here.
Blork the orc screams, "I'll crush all your ribs!
One by one!"
You scratch Blork the orc but do no damage.
Blork the orc drinks a potion.
Blork the orc seems to grow stronger.
You claw Blork the orc!
Blork the orc is moderately wounded.
Blork the orc points at you and mumbles some strange words.
The puff of frost misses you.
You scratch Blork the orc but do no damage.
Blork the orc is moderately wounded.
Blork the orc hits you with a +1 vorpal battleaxe!!
4321 ||| INVOKING Fiery Armour.
A protective cloak of flame settles atop you.
Blork the orc hits you with a +1 vorpal battleaxe!!
You die...

..#
#.....#.............#......
..#
#.....#...##...######......
..##
#.....###+##...#...........
...####
#....'...#...........
......#
#....#...#...........
####..+
#....#...'...........
...'..#
#...##.###...........
####..#
###'#################
......# #...@o......
..#...# +...........
..#...# #.!.........
..#...# #...........
..#...# .............
..#...## ##.#####.####.
..#....# #. .# ..#....# #
.. ..#....#


You could see Blork the orc (strong).

Vanquished Creatures
  An ice beast (D:6)
  2 bullfrogs (D:6)
  A necrophage (D:4)
  2 scorpions
  A jelly (D:5)
  4 orc priests
  2 iguanas (D:4)
  Natasha (thrice) (D:4)
  3 orc wizards
  11 adders
  2 white imps (D:6)
  An ufetubus (D:5)
  3 worms
  3 dart slugs
  12 orcs
  4 ball pythons
  8 endoplasms
  2 giant cockroaches (D:1)
  6 goblins
  4 hobgoblins
  8 jackals
  4 quokkas
  3 bats
  2 frilled lizards (D:2)
  9 kobolds
  10 rats
111 creatures vanquished.

Vanquished Creatures (others)
  4 demonic plants (D:2)
  5 fungi (D:2)
  A plant (D:2)
  A withered plant (D:2)
11 creatures vanquished.

Grand Total: 122 creatures vanquished

Notes
Turn   | Place    | Note
-------+----------+-------------------------------------------
     0 | D:1      | qw the Troll Cinder Acolyte began the quest for the Orb.
     0 | D:1      | Reached XP level 1. HP: 22/22 MP: 1/1
     0 | D:1      | 0 ||| qw: Version: 0.1-a-102-g441f92d
     0 | D:1      | 0 ||| qw: Game counter: 5083
     0 | D:1      | 0 ||| qw: Always use a shield: true
     0 | D:1      | 0 ||| qw: God list: Okawaru
     0 | D:1      | 0 ||| qw: Allow faded altars: false
     0 | D:1      | 0 ||| qw: Do Orc after D:15 true
     0 | D:1      | 0 ||| qw: Do second Lair branch before Depths: true
     0 | D:1      | 0 ||| qw: Lair rune preference: random
     0 | D:1      | 0 ||| qw: Plans: Normal
     0 | D:1      | 0 ||| PLANNING D:1-11
   178 | D:1      | Reached XP level 2. HP: 29/29 MP: 2/2
   182 | D:1      | 182 ||| Stepping ~*~*~tactically~*~*~ (hiding).
   235 | D:1      | 235 ||| Stepping ~*~*~tactically~*~*~ (outnumbered).
   236 | D:1      | 236 ||| Stepping ~*~*~tactically~*~*~ (outnumbered).
   237 | D:1      | 237 ||| Stepping ~*~*~tactically~*~*~ (outnumbered).
   238 | D:1      | 238 ||| Stepping ~*~*~tactically~*~*~ (outnumbered).
   239 | D:1      | 239 ||| Stepping ~*~*~tactically~*~*~ (outnumbered).
   240 | D:1      | 240 ||| Stepping ~*~*~tactically~*~*~ (outnumbered).
   303 | D:1      | 303 ||| Stepping ~*~*~tactically~*~*~ (stealth).
   304 | D:1      | 304 ||| Stepping ~*~*~tactically~*~*~ (stealth).
   305 | D:1      | 305 ||| Stepping ~*~*~tactically~*~*~ (stealth).
   314 | D:1      | Reached skill level 4 in Unarmed Combat
   413 | D:1      | 413 ||| Stepping ~*~*~tactically~*~*~ (stealth).
   415 | D:1      | 415 ||| Stepping ~*~*~tactically~*~*~ (hiding).
   488 | D:1      | 488 ||| DROPPING amulet of magic regeneration.
   489 | D:1      | 489 ||| UPGRADING to ring of positive energy.
   490 | D:1      | 490 ||| READING scroll labelled OHARCHA MIGIDOO.
   491 | D:1      | 491 ||| READING 2 scrolls labelled IVAIDAT YVOFEV.
   505 | D:1      | 505 ||| READING scroll labelled GUNASCH SOSHOO.
   506 | D:1      | 506 ||| READING scroll labelled WOICHI ECHY.
   507 | D:1      | 507 ||| DROPPING scroll of torment.
   508 | D:1      | 508 ||| Stepping randomly (stuck).
   509 | D:1      | 509 ||| Stepping ~*~*~tactically~*~*~ (cloud).
   631 | D:2      | Reached XP level 3. HP: 36/36 MP: 3/3
   638 | D:2      | 638 ||| Stepping ~*~*~tactically~*~*~ (stealth).
   645 | D:2      | 645 ||| Stepping ~*~*~tactically~*~*~ (stealth).
   646 | D:2      | 646 ||| Stepping ~*~*~tactically~*~*~ (stealth).
   886 | D:2      | Found a faded altar of an unknown god.
  1001 | D:2      | 1001 ||| UPGRADING to ring of protection from fire.
  1002 | D:2      | 1002 ||| READING scroll labelled MASESTRULEP.
  1134 | D:3      | 1134 ||| STAIRDANCE
  1194 | D:3      | Reached skill level 5 in Unarmed Combat
  1194 | D:3      | Reached XP level 4. HP: 38/44 MP: 4/4
  1361 | D:3      | 1361 ||| Stepping ~*~*~tactically~*~*~ (stealth).
  1464 | D:3      | 1464 ||| Stepping ~*~*~tactically~*~*~ (outnumbered).
  1465 | D:3      | 1465 ||| Stepping ~*~*~tactically~*~*~ (outnumbered).
  1486 | D:3      | 1486 ||| Stepping ~*~*~tactically~*~*~ (stealth).
  1487 | D:3      | 1487 ||| Stepping ~*~*~tactically~*~*~ (stealth).
  1924 | D:3      | Found a glowing silver altar of Zin.
  1976 | D:3      | 1976 ||| READING scroll labelled TOIDINW VAQEMOR.
  1977 | D:3      | 1977 ||| DRINKING 2 white potions.
  1978 | D:3      | 1978 ||| READING 2 scrolls of identify.
  1978 | D:3      | 1978 ||| IDENTIFYING purple potion
  1979 | D:3      | 1979 ||| DROPPING potion of degeneration.
  2010 | D:4      | 2010 ||| Stepping ~*~*~tactically~*~*~ (outnumbered).
  2011 | D:4      | 2011 ||| Stepping ~*~*~tactically~*~*~ (outnumbered).
  2012 | D:4      | 2012 ||| Stepping ~*~*~tactically~*~*~ (outnumbered).
  2013 | D:4      | 2013 ||| STAIRDANCE
  2015 | D:3      | 2015 ||| Stepping ~*~*~tactically~*~*~ (outnumbered).
  2016 | D:3      | 2016 ||| Stepping ~*~*~tactically~*~*~ (outnumbered).
  2025 | D:4      | 2025 ||| Stepping ~*~*~tactically~*~*~ (stealth).
  2031 | D:4      | 2031 ||| Stepping ~*~*~tactically~*~*~ (hiding).
  2050 | D:4      | Reached XP level 5. HP: 48/50 MP: 5/5
  2106 | D:4      | Reached skill level 6 in Unarmed Combat
  2156 | D:4      | Found a radiant altar of Vehumet.
  2344 | D:4      | Noticed Natasha
  2345 | D:4      | 2345 ||| Stepping ~*~*~tactically~*~*~ (hiding).
  2352 | D:4      | Killed Natasha
  2353 | D:4      | Reached XP level 6. HP: 59/59 MP: 6/6
  2474 | D:4      | Reached skill level 7 in Unarmed Combat
  2637 | D:4      | Noticed Natasha
  2652 | D:4      | Killed Natasha
  2724 | D:4      | Found a runed translucent door.
  2725 | D:4      | Noticed Crazy Yiuf
  2781 | D:4      | Noticed Natasha
  2787 | D:4      | Killed Natasha
  2905 | D:4      | Found a blossoming altar of Fedhas.
  2992 | D:4      | 2992 ||| DRINKING 2 fuming green potions.
  2993 | D:4      | 2993 ||| DRINKING 2 green potions.
  3098 | D:4      | 3098 ||| DROPPING potion of berserk rage.
  3111 | D:5      | Entered Level 5 of the Dungeon
  3526 | D:5      | Found a staircase to the Ecumenical Temple.
  3597 | D:5      | 3597 ||| INVOKING Fiery Armour.
  3602 | D:5      | Reached skill level 8 in Unarmed Combat
  3602 | D:5      | Reached XP level 7. HP: 52/66 MP: 7/7
  3762 | D:5      | 3762 ||| READING scroll labelled YBO BYTRUMO.
  3763 | D:5      | 3763 ||| READING scroll labelled HATWIT TYKY.
  3764 | D:5      | 3764 ||| DRINKING 4 murky dark potions.
  3797 | D:5      | 3797 ||| DRINKING 2 glowing red potions.
  3798 | D:5      | 3798 ||| DROPPING 3 potions of lignification.
  3822 | D:6      | Found a broken altar of Ashenzari.
  3853 | D:6      | Found a sparkling altar of Nemelex Xobeh.
  3884 | D:6      | Reached skill level 3 in Fighting
  3972 | D:6      | 3972 ||| Stepping ~*~*~tactically~*~*~ (hiding).
  3977 | D:6      | 3977 ||| INVOKING Fiery Armour.
  4035 | D:6      | Found a glowing golden altar of the Shining One.
  4081 | D:6      | Found a hide-covered altar of Uskayaw.
  4152 | D:6      | 4152 ||| Stepping ~*~*~tactically~*~*~ (stealth).
  4154 | D:6      | 4154 ||| Stepping ~*~*~tactically~*~*~ (stealth).
  4156 | D:6      | 4156 ||| Stepping ~*~*~tactically~*~*~ (hiding).
  4158 | D:6      | 4158 ||| Stepping ~*~*~tactically~*~*~ (hiding).
  4159 | D:6      | 4159 ||| Stepping ~*~*~tactically~*~*~ (hiding).
  4161 | D:6      | Reached skill level 9 in Unarmed Combat
  4182 | D:6      | Reached skill level 1 in Throwing
  4311 | D:6      | Noticed Blork the orc
  4312 | D:6      | Reached skill level 1 in Dodging
  4312 | D:6      | 4312 ||| Stepping ~*~*~tactically~*~*~ (stealth).
  4321 | D:6      | 4321 ||| INVOKING Fiery Armour.
  4321 | D:6      | HP: 5/67 [Blork the orc/+1 vorpal battleaxe (22)]
  4321 | D:6      | Slain by Blork the orc

Levels and vault maps discovered:
D:1:      nzn_arrival_crosshair, layout_rooms, minmay_misc_feat_secret_circle
D:2:      layout_rooms, shapermc_ecumenical_altar_gd
D:3:      cheibrodos_helix_gallery, layout_basic, zin_academy,
          kennysheep_nondescript
D:4:      layout_basic, general_overflow_altar, nicolae_overflow_hidden_temple,
          kennysheep_generic_room_12, uniq_crazy_yiuf_cottage, uniq_natasha
D:5:      layout_loops_ring, minmay_temple_entry_poolview,
          minmay_misc_feat_rugged
D:6:      layout_gridville, mainiacjoe_overflow_tiny_flanked,
          ashenzari_conservatory_becter, mainiacjoe_overflow_surrounded_room,
          nicolae_overflow_crystal_walls, tso_altar, uniq_blork_the_orc

Skill      XL: |  1  2  3  4  5  6  7 |
---------------+----------------------+-----
Unarmed Combat | 4 5 6 8 9 |  9.0
Fighting       | 3 |  3.1
Throwing       | 1 |  1.3
Dodging        | 1 |  1.2
Spellcasting   | |  1.0
Fire Magic     | |  2.1

Action                   |  1- 3 |  4- 6 |  7- 9 || total
-------------------------+-------+-------+-------++-------
Melee: Unarmed           |   104 |   157 |    59 ||   320
       Punch             |       |     4 |       ||     4
Throw: Boomerang         |       |       |    10 ||    10
Invok: Fiery Armour      |       |     1 |     2 ||     3
  Use: Scroll            |     5 |     2 |     2 ||     9
       Potion            |       |     3 |     2 ||     5
Armor: Robe              |    32 |    38 |    14 ||    84
Dodge: Dodged            |    30 |    49 |    21 ||   100

Table legend:
 A = Non-vault XP
 B = Vault XP
 C = Vault XP percentage of total XP
 D = Non-vault monster count
 E = Vault monster count
 F = Vault count percentage of total count
                 A         B        C        D         E       F
            +---------+---------+-------+---------+---------+-------
      Total |    1314 |      74 |   5.3 |     107 |       4 |   3.6
            +---------+---------+-------+---------+---------+-------
        D:1 |      35 |       0 |   0.0 |      20 |       0 |   0.0
        D:2 |      52 |       0 |   0.0 |      20 |       0 |   0.0
        D:3 |      91 |       2 |   2.2 |      21 |       2 |   8.7
        D:4 |     388 |      72 |  15.7 |      21 |       2 |   8.7
        D:5 |     138 |       0 |   0.0 |       9 |       0 |   0.0
        D:6 |     610 |       0 |   0.0 |      16 |       0 |   0.0
            +---------+---------+-------+---------+---------+-------
